 Dungeon Crawl Stone Soup version 0.31-a0-1539-g569d6c7dce (webtiles) character file.

Game seed: 7418522542756230437

65 Flugslaktarn the Trooper (level 3, -3/34 HPs)
             Began as a Minotaur Fighter on Jan 1, 2024.
             Succumbed to a kobold's poison
             ... on level 2 of the Dungeon.
             The game lasted 00:00:30 (1138 turns).

Flugslaktarn the Trooper (Minotaur Fighter)         Turns: 1138, Time: 00:00:31

Health: -3/34      AC:  7    Str: 22    XL:     3   Next: 92%
Magic:  2/2        EV:  9    Int:  5    God:
Gold:   119        SH:  4    Dex:  9    Spells: 2/2 levels left

rFire   . . .        a - +0 war axe
rCold   . . .        c - +0 buckler
rNeg    . . .        b - +0 scale mail
rPois   .            (helmet restricted)
rElec   .            (no cloak)
rCorr   .            (no gloves)
SInv    .            (no boots)
Will    .....        (no amulet) Stlth
                     (no ring)
HPRegen 0.25/turn    (no ring)
MPRegen 0.08/turn

%: no passive effects
@: lethally poisoned (-3 -> -28)
A: horns 2, retaliatory headbutt
a: no special abilities


You were on level 2 of the Dungeon.
You visited 1 branch of the dungeon, and saw 2 of its levels.

You collected 119 gold pieces.

Inventory:

Hand Weapons
 a - a +0 war axe (weapon)
Armour
 b - a +0 scale mail (worn)
 c - a +0 buckler (worn)
Scrolls
 h - a scroll of enchant weapon {unknown}
 i - 2 scrolls of identify {unknown}
 k - a scroll of poison {unknown}
Potions
 d - a potion of might
 e - a potion of lignification {unknown}
 f - 2 potions of curing {unknown}
 g - a potion of brilliance {unknown}
 j - a potion of mutation {unknown}


   Skills:
 * Level 4.6 Fighting
 * Level 3.7 Axes
 + Level 4.1 Armour
 - Level 3.6 Shields


You had 2 spell levels left.
You didn't know any spells.
Your spell library contained the following spells:

 Spells                   Type           Power      Damage    Failure   Level
 Cigotuvi's Dreadful Rot  Necr/Alch/Air  0%         N/A       94%         2
 Ignite Poison            Fire/Alch      0%         N/A       100%        4
 Freezing Cloud           Conj/Ice/Air   0%         6-21      100%        5


Dungeon Overview and Level Annotations

Branches:
Dungeon (2/15)

Altars:

Shops:
D:1 :


Innate Abilities, Weirdness & Mutations

You have a pair of horns on your head.
You reflexively headbutt those who attack you in melee.


Message History

The adder bites you but does no damage. You block the adder's attack.
You closely miss the adder. Your headbutt misses the adder.
The adder barely misses you. The adder bites you.
An adder is nearby!
You closely miss the adder. Your headbutt misses the adder.
You block the adder's attack.
An adder is nearby!
You slash the adder!
You kill the adder!
You see here an adder corpse.
You now have 82 gold pieces (gained 15).
You see here an adder corpse.
There is an open door here.
Found a stone staircase leading up.
No target in view!
Found an escape hatch in the floor.
Found a stone staircase leading up.
No target in view!
No target in view!
No target in view!
There is an escape hatch in the floor here.
You now have 91 gold pieces (gained 9).
You now have 110 gold pieces (gained 19).
As you open the door, it creaks loudly!
A rat comes into view.
The rat squeaks loudly.
You hear a shout!
A kobold comes into view. It is wielding a +0 club.
Found 9 gold pieces.
There are monsters nearby!
There are monsters nearby!
The kobold completely misses you. You furiously retaliate!
You headbutt the kobold.
There is an open door here.
You closely miss the kobold.
The kobold is moderately wounded.
You block the kobold's attack. The kobold hits you with a +0 club.
You closely miss the kobold.
You headbutt the kobold, but do no damage.
The kobold is moderately wounded.
You block the kobold's attack.
You hit the kobold but do no damage. You headbutt the kobold.
You kill the kobold!
You closely miss the rat. The rat bites you. The rat closely misses you.
You furiously retaliate!
You headbutt the rat. You hit the rat.
You kill the rat!
Things that are here:
a +0 club; 5 stones You now have 119 gold pieces (gained 9).
Things that are here:
a +0 club; 5 stones
There is an open door here.
You open the door.
An adder and a kobold come into view.
The kobold is wielding a +2 short sword of venom.
The adder hisses angrily.
The kobold shouts!
Found a dagger.
There is an open door here.
There are monsters nearby!
The adder barely misses you. You furiously retaliate!
You headbutt the adder!
The kobold hits you with a +2 short sword of venom.
You are poisoned.
There are monsters nearby!
There are monsters nearby!
You completely miss the adder. Your headbutt misses the adder.
The adder is almost dead.
You hit the kobold.
You feel very sick. The adder closely misses you.
The kobold hits you but does no damage. The adder bites you but does no damage.
You hit the adder.
You kill the adder!
You barely miss the kobold.
You feel sick. The kobold hits you but does no damage.
You are more poisoned.
The kobold hits you with a +2 short sword of venom.
You are more poisoned.
You barely miss the kobold.
The kobold is moderately wounded.
You feel very sick. You block the kobold's attack.
You hit the kobold but do no damage.
The kobold is moderately wounded.
You feel very sick.
The kobold hits you with a +2 short sword of venom.
You are lethally poisoned!
You are too injured to fight recklessly!
You are too injured to fight recklessly!
You barely miss the kobold. Your headbutt misses the kobold.
The kobold is moderately wounded.
* * * LOW HITPOINT WARNING * * *
You feel very sick. You block the kobold's attack.
The kobold hits you with a +2 short sword of venom.
* * * LOW HITPOINT WARNING * * *
You are more poisoned.
You are too injured to fight recklessly!
You barely miss the kobold.
The kobold is moderately wounded.
You die...

##.#####..........######.##.##.##
#.# ##..........##.....##....##
#.####....##+##.....#.#######..#
#.##...#### ####.....# #...
#.#..### #.)###...# ###.#
#.#.##.# #..#.##..# #....
#...'†.# #..#.)'..# #....
##..##.# #K†#.##.## #.... #...###
#@.###..# #.... #.....# #'##...##
#...> ##.......#####......# #....
#######............# #....
############## #.... #.... #....
#####


You could see a kobold.

Vanquished Creatures
  4 adders (D:2)
  2 dart slugs (D:1)
  2 bats
  An endoplasm (D:1)
  2 giant cockroaches
  2 hobgoblins
  A quokka (D:2)
  A ball python (D:2)
  2 frilled lizards
  2 goblins
  3 kobolds
  6 rats
28 creatures vanquished.

Notes
Turn   | Place    | Note
-------+----------+-------------------------------------------
     0 | D:1      | Flugslaktarn the Minotaur Fighter began the quest for the
                  | Orb.
     0 | D:1      | Reached XP level 1. HP: 19/19 MP: 0/0
    13 | D:1      | You fall into a shaft and drop 1 floor!
    99 | D:2      | Reached XP level 2. HP: 23/27 MP: 1/1
   273 | D:1      | Found Alaur's Book Boutique.
   729 | D:1      | Reached XP level 3. HP: 33/33 MP: 2/2
  1138 | D:2      | Succumbed to a kobold's poison

Illustrated notes

Levels and vault maps discovered:
D:1:      dpeg_arrival_stonehenge_8_columns, layout_basic, serial_shops, shop,
          dreamdust_wishing_well
D:2:      layout_rooms, minmay_divided_ellipse

Skill      XL: |  1  2 |
---------------+-------+-----
Fighting       | 4 |  4.6
Axes           | 3 |  3.7
Armour         | 4 |  4.1
Shields        | |  3.6

Action                     || total
---------------------------++-------
  Melee: War axe           ||    71
         Headbutt          ||     4
 Armour: Scale mail        ||    61
  Dodge: Dodged            ||    29
  Block: Buckler           ||    18

Table legend: (Time is in decaauts)
 A = Elapsed time spent in this place.
 B = Non-inter-level travel time spent in this place.
 C = Inter-level travel time spent in this place.
 D = Time resting spent in this place.
 E = Time spent auto-exploring this place.
 F = Levels seen in this place.
 G = Mean time per level.
                   A        B        C        D        E       F      G
               +--------+--------+--------+--------+--------+-----+--------+
         Total |   1164 |   1112 |     52 |      0 |    914 |   2 |  582.0 |
       Dungeon |   1164 |   1112 |     52 |      0 |    914 |   2 |  582.0 |
               +--------+--------+--------+--------+--------+-----+--------+

Top non-repeatable levels by time:
     D:1: 717 daAuts
     D:2: 446 daAuts
